General information
- name: zz
- type: Custom game
- host: Starshaped
- saver: Starshaped
map: TerenasStand
- players: 2
- length: 22:54
- speed: Fast
- version: 1.22 W3XP
- replay type: Public
» download(99 KB)
Players
team 1 (winner)
Starshaped (
pink | 134 APM | 3058 actions | 22:54)
6 Archmage
3 Summon Water Elemental
2 Brilliance Aura
1 Mass Teleport
4 Mountain King
2 Storm Bolt
2 Thunder Clap
» actions
| Assign group hotkey | 59 | |
| Basic commands | 84 | |
| Build / train | 63 | |
| ESC pressed | 5 | |
| Enter build submenu | 30 | |
| Enter hero's abilities submenu | 11 | |
| Right click | 1306 | |
| Select / deselect | 640 | |
| Select group hotkey | 707 | |
| Use ability | 153 | |
3058 total
» units
| Peasant | 12 | |
| Footman | 7 | |
| Priest | 4 | |
| Sorceress | 5 | |
| Spell Breaker | 10 | |
38 total
» upgrades
| Defend | 1 | |
| Masonry | 1 | |
| Sorceress Training | 1 | |
| Priest Training | 1 | |
| Magic Sentry | 1 | |
5 total
» buildings
| Farm | 10 | |
| Altar of Kings | 1 | |
| Barracks | 1 | |
| Scout Tower | 2 | |
| Arcane Tower | 1 | |
| Lumber Mill | 3 | |
| Keep | 1 | |
| Arcane Vault | 2 | |
| Arcane Sanctum | 2 | |
| Guard Tower | 1 | |
| Town Hall | 1 | |
25 total
» build order
00:08 Farm
00:11 Altar of Kings
00:20 Farm
00:23 Barracks
01:33 Farm
02:00 Farm
02:21 Scout Tower
03:03 Arcane Tower
03:59 Lumber Mill
04:11 Lumber Mill
04:12 Keep
04:43 Lumber Mill
04:54 Farm
05:15 Arcane Vault
05:35 Farm
06:03 Scout Tower
07:02 Arcane Sanctum
07:04 Arcane Sanctum
07:14 Guard Tower
07:43 Farm
08:31 Farm
10:02 Farm
10:02 Farm
15:21 Arcane Vault
16:19 Town Hall
» items
| Dust of Appearance | 1 | |
| Scroll of Regeneration | 2 | |
| Scroll of Town Portal | 2 | |
5 total
team 2 (loser)
Cydra_ (
blue | 130 APM | 2967 actions | 22:52)
4 Blademaster
2 Wind Walk
2 Critical Strike
4 Shadow Hunter
2 Healing Wave
2 Hex
» actions
| Assign group hotkey | 47 | |
| Basic commands | 347 | |
| Build / train | 79 | |
| ESC pressed | 3 | |
| Enter build submenu | 16 | |
| Enter hero's abilities submenu | 8 | |
| Give item / drop item | 4 | |
| Right click | 832 | |
| Select / deselect | 412 | |
| Select group hotkey | 1053 | |
| Use ability | 166 | |
2967 total
» units
| Peon | 7 | |
| Grunt | 13 | |
| Raider | 12 | |
| Spirit Walker | 3 | |
| Demolisher | 2 | |
37 total
» upgrades
| Berserker Strength | 1 | |
| Ensnare | 1 | |
| Spirit Walker Training | 1 | |
| Pillage | 1 | |
| Armor | 1 | |
5 total
» buildings
| Altar of Storms | 1 | |
| Orc Burrow | 6 | |
| Barracks | 1 | |
| Voodoo Lounge | 2 | |
| Stronghold | 2 | |
| Beastiary | 1 | |
| Spirit Lodge | 2 | |
| War Mill | 1 | |
16 total
» build order
00:08 Altar of Storms
00:17 Orc Burrow
00:38 Barracks
01:49 Orc Burrow
02:02 Voodoo Lounge
02:04 Voodoo Lounge
03:15 Stronghold
03:16 Stronghold
04:42 Orc Burrow
04:48 Orc Burrow
06:12 Beastiary
08:19 Spirit Lodge
08:27 Spirit Lodge
08:45 Orc Burrow
12:43 War Mill
19:35 Orc Burrow
» items
| Boots of Speed | 1 | |
| Circlet of Nobility | 2 | |
| Healing Salve | 6 | |
| Lesser Clarity Potion | 6 | |
| Scroll of Town Portal | 2 | |
| Potion of Lesser Invulnerability | 2 | |
| Scroll of Healing | 1 | |
| Scroll of Protection | 1 | |
| Potion of Mana | 1 | |
| Scroll of Speed | 1 | |
23 total
Chat log
(00:15 / All) Starshaped: hf
(00:21 / All) Cydra_: gl hf :)
(00:52 / All) Starshaped: i thought you would hate wc3
(00:55 / All) Starshaped: since you're korean
(01:02 / All) Cydra_: haha no way
(01:11 / All) Cydra_: i love playing W3 too
(01:16 / All) Starshaped: i play both
(01:19 / All) Starshaped: im d+ on iccup
(01:21 / All) Starshaped: pretty good
(01:23 / All) Cydra_: good
(22:11 / All) Cydra_: gg
(22:12 / All) Starshaped: gg
(22:27 / All) Cydra_: you're so good
(22:32 / All) Starshaped: lol
(22:33 / All) Starshaped: thx
(22:35 / All) Starshaped: ;)
(22:36 / All) Cydra_: haha
(22:39 / All) Starshaped: u2
(22:43 / All) Starshaped: it was a close game tbh
(22:45 / All) Cydra_: see you in a channel again
(22:47 / All) Cydra_: haha